 Dungeon Crawl Stone Soup version 0.26-a0-365-g11c2b627af (webtiles) character file.

Game seed: 11886110853951876298

22629 MrRokkomies the Green Death (level 12, -8/60 HPs)
             Began as a Spriggan Venom Mage on July 19, 2020.
             Was a High Priest of Fedhas.
             Mangled by a troll (11 damage)
             ... on level 2 of the Orcish Mines.
             The game lasted 00:57:59 (11520 turns).

MrRokkomies the Green Death (Spriggan Venom Mage)  Turns: 11520, Time: 00:58:08

Health: -8/60      AC:  6    Str: 10    XL:     12   Next: 64%
Magic:  21/21      EV: 29    Int: 21    God:    Fedhas [*****.]
Gold:   1619       SH:  0    Dex: 17    Spells: 3/16 levels left

rFire    . . .     SeeInvis +   a - +3 dagger (venom)
rCold    . . .     Faith    .   (shield restricted)
rNeg     . . .     Spirit   .   K - +0 troll leather armour
rPois    .         Reflect  .   (helmet restricted)
rElec    .         Harm     .   H - +1 cloak {Stlth+}
rCorr    .                      (gloves unavailable)
MR       ++...                  (boots unavailable)
Stlth    ++++......             j - amulet of regeneration
HPRegen  1.00/turn              C - +6 ring of strength
MPRegen  0.17/turn              h - +4 ring of evasion

@: very quick
A: very small, unfitting armour, see invisible, speed 3
a: Wall of Briars, Grow Ballistomycete, Overgrow, Grow Oklob, Renounce Religion


You were on level 2 of the Orcish Mines.
You worshipped Fedhas.
Fedhas was extremely pleased with you.
You visited 2 branches of the dungeon, and saw 11 of its levels.

You collected 1619 gold pieces.

Inventory:

Hand Weapons
 a - a +3 dagger of venom (weapon)
 b - a +0 short sword of electrocution
 l - a +4 short sword
Missiles
 i - 42 poisoned darts (quivered)
 n - 19 boomerangs
 J - 5 boomerangs of dispersal
 L - 5 silver boomerangs
Armour
 c - a +1 robe
 H - a +1 cloak of stealth (worn)
 K - a +0 troll leather armour (worn)
Magical Staves
 r - an uncursed staff of death
Jewellery
 g - an uncursed ring of protection from fire
 h - a +4 ring of evasion (right hand)
 j - an amulet of regeneration (around neck)
 o - an uncursed ring of positive energy
 q - an uncursed ring of protection from fire
 z - an uncursed ring of positive energy
 C - a +6 ring of strength (left hand)
Wands
 u - a wand of random effects (14)
 w - a wand of flame (12)
 x - a wand of paralysis (17)
 A - a wand of iceblast (12)
 F - a wand of acid (5)
Scrolls
 f - 4 scrolls of magic mapping
 p - a scroll of brand weapon {unknown}
 t - 2 scrolls of amnesia {unknown}
 v - 2 scrolls of enchant armour
 y - a scroll of enchant weapon
 D - 6 scrolls of identify
 E - 4 scrolls of fog
 G - 2 scrolls of teleportation
 I - a scroll of remove curse
Potions
 d - a potion of cancellation
 e - 2 potions of curing
 k - a potion of flight {unknown}
 m - 2 potions of haste {unknown}
 s - a potion of might
 B - 2 potions of lignification {unknown}


   Skills:
 + Level 5.9 Fighting
 - Level 10.0 Short Blades
 - Level 10.0 Dodging
 - Level 10.1 Stealth
 - Level 2.6 Spellcasting
 - Level 5.6 Transmutations
 - Level 5.0 Air Magic
 - Level 8.1 Poison Magic
 * Level 11.7 Invocations


You had 3 spell levels left.
You knew the following spells:

 Your Spells              Type           Power        Failure   Level
a - Sting                 Tmut/Pois      ####         1%          1
b - Poisonous Vapours     Pois/Air       ####..       1%          2
c - Mephitic Cloud        Conj/Pois/Air  ###.....     10%         3
d - Ignite Poison         Fire/Tmut/Pois ###.....     9%          3
e - Olgreb's Toxic Radia  Pois           #####...     7%          4

Your spell library contained the following spells:

 Spells                   Type           Power        Failure   Level
 Beastly Appendage        Tmut           ####..       1%          1
 Wereblood                Tmut           ####....     2%          2
 Spider Form              Tmut/Pois      ####......   3%          3
 Blade Hands              Tmut           ####......   45%         5
 Ice Form                 Ice/Tmut       ##......     50%         4


Dungeon Overview and Level Annotations

Branches:
Dungeon (9/15)             Temple (0/1) D:6            Lair (0/6) D:9
    Orc (2/2) D:9             Elf (0/3) Orc:2

Altars:
Dithmenos
Fedhas
Hepliaklqana
Makhleb
Ru
Vehumet
Wu Jian
Xom
Yredelemnul
Zin

Shops:
D:5 =   D:9 *

Annotations:
D:8 Gastronok
D:9 1 runed translucent door, anet's ghost, novice GnDe
Orc:1 2 transporters, nojaa's ghost, journeyman DDDe


Innate Abilities, Weirdness & Mutations

You are very small and have problems with some larger weapons.
You are too small for most types of armour.
You have supernaturally acute eyesight. (SInv)
You cover ground extremely quickly.


Message History

You hit the troll but do no damage.
The orc priest calls down the wrath of Beogh upon you.
Beogh smites you! The troll bites you! The troll completely misses you.
The troll misses you.
You hit the troll.
The troll is poisoned.
The troll is lightly wounded.
The ogre hits you with a +0 giant club.
You hit the troll.
The troll is lightly wounded.
The orc priest completely misses you. The troll misses you. x2
The troll claws you!
You barely miss the troll.
The troll is lightly wounded.
You hit the troll.
The troll is moderately wounded.
The ogre hits you with a +0 giant club!!
* * * LOW HITPOINT WARNING * * *
The troll bites you!
You die...
Fedhas appreciates your contribution to the ecosystem.

........##........##....##
..#.....###.#.....#...###
...#.....##.##.......##
...# . ....##.#....# ....#
...........## # ......
..#.#....>..#.##. ......
................. ......
............#.... .....
.......@...###.## .....
......OT...# ## ....
.......o......#
......o......##
............##
.............#
.............#
..............


You could see a troll (very poisoned), an orc warrior, an ogre (extremely
poisoned) and an orc priest.

Vanquished Creatures
  2 ogre magi (Orc:2)
  11 two-headed ogres
  An orc high priest (Orc:1)
  An iron troll (Orc:2)
  A deep troll (Orc:1)
  An orc knight (Orc:2)
  2 orc sorcerers (Orc:2)
  An ugly thing (D:8)
  A cyclops (Orc:2)
  8 trolls
  A hippogriff (D:8)
  4 yaks
  A wyvern (D:6)
  4 porcupines (D:9)
  3 ice beasts
  12 orc warriors
  2 black bears (D:9)
  5 phantoms
  A sky beast (D:9)
  27 ogres
  2 necrophages
  4 centaurs
  6 bullfrogs
  3 scorpions
  9 wights (D:7)
  4 howler monkeys (D:7)
  A quasit (D:9)
  A centaur zombie (D:5)
  3 hounds
  A jelly (D:5)
  A gnoll shaman (D:6)
  13 orc priests
  16 orc wizards
  2 bullfrog skeletons
  Natasha (thrice) (D:4)
  2 iguanas
  7 worker ants
  2 hound skeletons
  A worker ant zombie (D:5)
  2 howler monkey skeletons
  4 adders
  9 gnolls
  3 shadow imps
  4 white imps
  2 adder skeletons
  A worm (D:2)
  A dart slug (D:1)
  6 leopard geckos
  60 orcs
  8 giant cockroaches
  5 goblins
  8 hobgoblins
  17 jackals
  3 quokkas
  A ball python skeleton (D:6)
  7 bats
  7 frilled lizards
  A giant cockroach zombie (D:5)
  A jackal zombie (D:7)
  6 kobolds
  A leopard gecko zombie (D:9)
  A rat (D:2)
328 creatures vanquished.

Vanquished Creatures (collateral kills)
  An orc warrior (Orc:2)
1 creature vanquished.

Vanquished Creatures (others)
  19 fungi (D:9)
  5 plants (D:9)
24 creatures vanquished.

Grand Total: 353 creatures vanquished

Notes
Turn   | Place    | Note
-------+----------+-------------------------------------------
     0 | D:1      | MrRokkomies the Spriggan Venom Mage began the quest for the
                  | Orb.
     0 | D:1      | Reached XP level 1. HP: 9/9 MP: 5/5
   329 | D:1      | Reached XP level 2. HP: 12/13 MP: 1/6
   957 | D:1      | Reached XP level 3. HP: 13/16 MP: 8/8
  1523 | D:2      | You fall into a shaft and drop 1 floor!
  1537 | D:3      | Reached XP level 4. HP: 18/21 MP: 6/9
  1657 | D:3      | Learned a level 2 spell: Poisonous Vapours
  1661 | D:3      | Learned a level 3 spell: Mephitic Cloud
  1673 | D:3      | Noticed a green death
  1674 | D:3      | Found a burning altar of Makhleb.
  1681 | D:3      | Found a glowing silver altar of Zin.
  1681 | D:3      | Noticed an angel
  2194 | D:2      | Found a blossoming altar of Fedhas.
  2212 | D:2      | Noticed an oklob plant
  2219 | D:2      | Became a worshipper of Fedhas Madash
  2986 | D:4      | Noticed Natasha
  2993 | D:4      | Killed Natasha
  2993 | D:4      | Reached skill level 5 in Dodging
  2993 | D:4      | Reached XP level 5. HP: 13/24 MP: 10/10
  3212 | D:4      | Noticed Natasha
  3225 | D:4      | Killed Natasha
  3235 | D:4      | Noticed Natasha
  3245 | D:4      | Killed Natasha
  3301 | D:4      | Noticed a phantom
  3315 | D:4      | Learned a level 3 spell: Ignite Poison
  3456 | D:5      | Entered Level 5 of the Dungeon
  3456 | D:5      | Found Yziboemm's Jewellery Emporium.
  3468 | D:5      | Reached XP level 6. HP: 28/28 MP: 11/11
  3482 | D:5      | Noticed an ice beast
  3515 | D:5      | Killed an ice beast
  3515 | D:5      | Reached skill level 5 in Stealth
  3533 | D:5      | Noticed a yak
  3533 | D:5      | Noticed a yak
  3661 | D:5      | Noticed a yak
  4019 | D:4      | Killed a yak
  4019 | D:4      | Reached skill level 5 in Poison Magic
  4019 | D:4      | Reached XP level 7. HP: 32/32 MP: 6/12
  4092 | D:4      | Reached * piety under Fedhas
  4098 | D:4      | Killed a yak
  4190 | D:4      | Killed a yak
  4287 | D:5      | Found a radiant altar of Vehumet.
  4333 | D:5      | Reached skill level 5 in Transmutations
  4333 | D:5      | Reached XP level 8. HP: 20/36 MP: 11/13
  4704 | D:5      | Found a shimmering altar of Xom.
  4704 | D:5      | Found an ornate altar of the Wu Jian Council.
  5018 | D:6      | Reached skill level 1 in Invocations
  5046 | D:6      | Reached skill level 1 in Air Magic
  5046 | D:6      | Reached skill level 2 in Invocations
  5052 | D:6      | Found a staircase to the Ecumenical Temple.
  5340 | D:6      | Reached ** piety under Fedhas
  5576 | D:7      | Reached XP level 9. HP: 39/39 MP: 14/14
  5687 | D:7      | Reached skill level 3 in Invocations
  5917 | D:7      | Reached skill level 10 in Dodging
  6251 | D:7      | Found a hazy altar of Hepliaklqana.
  6423 | D:7      | Found a shadowy altar of Dithmenos.
  6600 | D:8      | Reached skill level 4 in Invocations
  6602 | D:8      | Noticed a white ugly thing
  6748 | D:8      | Learned a level 4 spell: Olgreb's Toxic Radiance
  6779 | D:8      | Reached skill level 1 in Short Blades
  6870 | D:8      | Reached *** piety under Fedhas
  6930 | D:8      | Killed a white ugly thing
  6930 | D:8      | Reached skill level 5 in Invocations
  7026 | D:8      | Noticed Gastronok
  7124 | D:8      | Reached XP level 10. HP: 44/44 MP: 7/15
  7129 | D:8      | Found a basalt altar of Yredelemnul.
  7777 | D:9      | Noticed a two-headed ogre
  7829 | D:9      | Killed a two-headed ogre
  7829 | D:9      | Reached skill level 10 in Stealth
  7829 | D:9      | Reached skill level 6 in Invocations
  7958 | D:9      | Found a staircase to the Lair.
  7968 | D:9      | Reached skill level 5 in Short Blades
  7990 | D:9      | Noticed a two-headed ogre
  8062 | D:9      | Killed a two-headed ogre
  8062 | D:9      | Reached skill level 1 in Fighting
  8062 | D:9      | Reached skill level 7 in Invocations
  8204 | D:9      | Noticed a two-headed ogre
  8223 | D:9      | Killed a two-headed ogre
  8313 | D:9      | Found a sacrificial altar of Ru.
  8481 | D:9      | Found a staircase to the Orcish Mines.
  8620 | D:9      | Reached XP level 11. HP: 49/50 MP: 17/17
  8655 | D:9      | Reached **** piety under Fedhas
  8702 | D:9      | Found a runed translucent door.
  8788 | D:9      | Found Fityveew's Assorted Antiques.
  8873 | D:9      | Found a shimmering altar of Xom.
  8873 | D:9      | Noticed anet's ghost (novice GnDe)
  8899 | D:9      | Noticed a +0 hand axe of chaos
  9010 | Orc:1    | Entered Level 1 of the Orcish Mines
  9010 | Orc:1    | Noticed an orc high priest
  9013 | Orc:1    | Noticed a sixfirhy
  9017 | Orc:1    | Killed an orc high priest
  9017 | Orc:1    | Reached skill level 5 in Air Magic
  9017 | Orc:1    | Reached skill level 8 in Invocations
  9463 | Orc:1    | Found a transporter.
  9493 | Orc:1    | Noticed nojaa's ghost (journeyman DDDe)
  9505 | Orc:1    | Found a transporter.
  9510 | Orc:1    | Reached ***** piety under Fedhas
  9736 | Orc:2    | Entered Level 2 of the Orcish Mines
  9738 | Orc:2    | Noticed an orc sorcerer
  9865 | Orc:2    | Noticed a two-headed ogre
  9869 | Orc:2    | Noticed a deep troll
  9880 | Orc:2    | Killed a two-headed ogre
  9916 | Orc:1    | Killed a deep troll
 10052 | Orc:2    | Killed an orc sorcerer
 10052 | Orc:2    | Reached skill level 9 in Invocations
 10068 | Orc:2    | Noticed a two-headed ogre
 10082 | Orc:2    | Killed a two-headed ogre
 10092 | Orc:2    | Noticed an orc sorcerer
 10293 | Orc:2    | Noticed a two-headed ogre
 10368 | Orc:2    | Noticed a two-headed ogre
 10373 | Orc:2    | Killed an orc sorcerer
 10374 | Orc:2    | Noticed a two-headed ogre
 10379 | Orc:2    | Noticed a two-headed ogre
 10414 | Orc:2    | Killed a two-headed ogre
 10538 | Orc:2    | Noticed an ogre mage
 10547 | Orc:2    | Reached XP level 12. HP: 48/58 MP: 8/20
 10547 | Orc:2    | Killed an ogre mage
 10649 | Orc:2    | Reached skill level 10 in Invocations
 10649 | Orc:2    | Reached skill level 10 in Short Blades
 10649 | Orc:2    | Killed a two-headed ogre
 10650 | Orc:2    | Killed a two-headed ogre
 10664 | Orc:2    | Killed a two-headed ogre
 10664 | Orc:2    | Reached skill level 5 in Fighting
 10854 | Orc:2    | Noticed an ogre mage
 10863 | Orc:2    | Paralysed by an ogre mage for 4 turns
 10873 | Orc:2    | Noticed a two-headed ogre
 10925 | Orc:2    | Reached skill level 11 in Invocations
 10925 | Orc:2    | Killed a two-headed ogre
 10953 | Orc:2    | Killed an ogre mage
 11083 | Orc:2    | Noticed a two-headed ogre
 11107 | Orc:2    | Killed a two-headed ogre
 11498 | Orc:2    | Found a staircase to the Elven Halls.
 11520 | Orc:2    | HP: 3/60 [ogre/+0 giant club (19)]
 11520 | Orc:2    | Mangled by a troll

Illustrated notes

Levels and vault maps discovered:
D:1:      dpeg_arrival_simpleton_c, layout_loops_ring, minmay_pentomino_v2
D:2:      layout_rooms, tgw_fedhas
D:3:      layout_basic, grunt_temple_overflow_order_and_chaos_2,
          grunt_ministairs_9
D:4:      layout_rooms, uniq_natasha
D:5:      layout_cave_pools, gammafunk_temple_overflow_elements,
          fiery_altar_vehumet, minmay_shop_enchanted_jewellery,
          skrybe_limestone_x, grunt_ministairs_12
D:6:      layout_loops_ring, minmay_temple_entry_junction
D:7:      layout_cave_pools, nicolae_dithmenos_the_darkroom,
          kennysheep_little_box, minmay_misc_feat_room
D:8:      layout_rooms, yredelemnul_altar_generic, serial_bayou_pond_d,
          uniq_gastronok
D:9:      layout_grid_maze, marbit_many_paths, due_lair_maze_entry_diamond,
          orc_0_dummy, serial_shops, nicolae_shop_trees, ebering_ghost_xom,
          grunt_ministairs_10
Orc:1:    layout_caves, gammafunk_ghost_berserking_beasts
Orc:2:    st_orc_open, layout_caves

Skill      XL: |  1  2  3  4  5  6  7  8  9 10 11 12 |
---------------+-------------------------------------+-----
Transmutations | 2 3 4 5 |  5.6
Dodging        | 4 5 7 8 9 10 | 10.0
Stealth        | 4 5 6 7 9 10 | 10.1
Poison Magic   | 4 5 6 7 8 |  8.1
Invocations    | 2 5 7 9 11 | 11.7
Air Magic      | 1 3 4 5 |  5.0
Short Blades   | 3 6 9 10 | 10.0
Fighting       | 2 4 5 |  5.9
Spellcasting   | |  2.6

Action                   |  1- 3 |  4- 6 |  7- 9 | 10-12 || total
-------------------------+-------+-------+-------+-------++-------
Melee: Dagger            |    64 |   109 |   263 |   252 ||   688
       Short sword       |    56 |    43 |   103 |    28 ||   230
Throw: Dart              |       |     6 |       |    37 ||    43
 Cast: Sting             |    17 |    17 |     2 |     8 ||    44
       Poisonous Vapours |       |     7 |     5 |    40 ||    52
       Mephitic Cloud    |       |     1 |    15 |     8 ||    24
       Ignite Poison     |       |       |    11 |    32 ||    43
       Olgreb's Toxic Ra |       |       |     4 |    25 ||    29
Invok: Wall of Briars    |       |       |       |     1 ||     1
Evoke: Wand              |       |     1 |       |       ||     1
  Use: Scroll            |     1 |     9 |     2 |       ||    12
       Potion            |       |       |     2 |     1 ||     3
 Stab: Sleeping          |     4 |     9 |     6 |    14 ||    33
       Confused          |       |     3 |     5 |     5 ||    13
Armor: Robe              |    22 |    12 |    15 |     9 ||    58
       Troll leather arm |       |       |       |     1 ||     1
Dodge: Dodged            |   138 |   126 |   401 |   271 ||   936

Table legend: (Time is in decaauts)
 A = Elapsed time spent in this place.
 B = Non-inter-level travel time spent in this place.
 C = Inter-level travel time spent in this place.
 D = Time resting spent in this place.
 E = Time spent auto-exploring this place.
 F = Levels seen in this place.
 G = Mean time per level.
                   A        B        C        D        E       F      G
               +--------+--------+--------+--------+--------+-----+--------+
         Total |   8976 |   8755 |    221 |   2920 |   3374 |  11 |  816.0 |
       Dungeon |   7052 |   6851 |    201 |   2054 |   2851 |   9 |  783.6 |
  Orcish Mines |   1923 |   1904 |     19 |    866 |    523 |   2 |  961.5 |
               +--------+--------+--------+--------+--------+-----+--------+
